 Dungeon Crawl Stone Soup version 0.24.0-123-gd5b16e6ec5 (webtiles) character file.

Game seed: 1452607318793310971, levelgen mode: deterministic

3661 Destapler the Fighter (level 9, -5/89 HPs)
             Began as a Green Draconian Berserker on Dec 17, 2019.
             Was a High Priest of Trog.
             Slain by a killer bee (6 damage)
             ... on level 7 of the Dungeon.
             The game lasted 00:36:26 (7518 turns).

Destapler the Fighter (Green Draconian Berserker)   Turns: 7518, Time: 00:36:27

Health: -5/89      AC: 10    Str: 23    XL:     9   Next: 89%
Magic:  9/9        EV: 13    Int:  8    God:    Trog [*****.]
Gold:   346        SH:  3    Dex: 13    Spells: 8/8 levels left

rFire    . . .     SeeInvis +   a - +3 flail (holy)
rCold    . . .     Gourm    .   S - +0 buckler
rNeg     . . .     Faith    .   (armour unavailable)
rPois    +         Spirit   .   (helmet restricted)
rElec    .         Reflect  .   B - +1 cloak
rCorr    .         Harm     .   (no gloves)
MR       .....                  J - +0 pair of boots
Stlth    ++++......             (no amulet)
HPRegen  0.24/turn              u - +3 ring of dexterity
MPRegen  0.11/turn              E - ring of see invisible

@: lethally poisoned (-5 -> -12), berserk cooldown, slowed, very slow
A: breathe noxious fumes, unfitting armour, poison resistance, cold-blooded, AC
+7
a: Breathe Noxious Fumes, Berserk, Trog's Hand, Brothers in Arms, Renounce
Religion


You were on level 7 of the Dungeon.
You worshipped Trog.
Trog was extremely pleased with you.
You were not hungry.

You visited 2 branches of the dungeon, and saw 9 of its levels.
You also visited: Ossuary.

You collected 346 gold pieces.

Inventory:

Hand Weapons
 a - a +3 flail of holy wrath (weapon)
 b - a +2 dagger of flaming
 v - a +1 long sword of electrocution
Missiles
 d - 298 stones (quivered)
 m - 23 poisoned darts
 p - 19 boomerangs
 x - 5 javelins
 H - 3 datura-tipped darts
Armour
 t - a +0 cloak
 B - a +1 cloak (worn)
 J - a +0 pair of boots (worn)
 S - a +0 buckler (worn)
Jewellery
 u - a +3 ring of dexterity (left hand)
 D - an uncursed amulet of magic regeneration
 E - a ring of see invisible (right hand)
 L - a +5 ring of protection {unknown}
 Q - an uncursed amulet of harm {unknown}
Wands
 z - a wand of iceblast (15)
 F - a wand of digging (2)
 N - a wand of random effects (24)
 P - a wand of flame (17)
Scrolls
 c - 6 scrolls of teleportation
 f - 3 scrolls of fog
 g - 2 scrolls of amnesia
 h - 3 scrolls of immolation
 i - 13 scrolls of identify
 q - 5 scrolls of remove curse
 y - a scroll of magic mapping
 A - a scroll of blinking {unknown}
 C - a scroll of enchant armour {unknown}
 R - a scroll of acquirement {unknown}
Potions
 e - 3 potions of degeneration {unknown}
 j - 2 potions of magic {unknown}
 k - a potion of mutation {unknown}
 l - 4 potions of haste {unknown}
 n - 2 potions of berserk rage {unknown}
 o - 3 potions of heal wounds {unknown}
 r - 2 potions of might {unknown}
 s - 9 potions of curing
 w - 4 potions of flight {unknown}
 I - 2 potions of lignification {unknown}
 K - 2 potions of resistance {unknown}
 M - a potion of invisibility {unknown}
 O - a potion of agility {unknown}
Comestibles
 G - 9 rations


   Skills:
 + Level 11.0 Fighting
 - Level 2.3 Short Blades
   Level 3.5 Axes
 - Level 0.2 Throwing
 * Level 4.3 Dodging
 - Level 9.0 Stealth
 + Level 0.2 Shields
 + Level 0.1 Evocations


You had 8 spell levels left.
You didn't know any spells.
Your spell library was empty.

Dungeon Overview and Level Annotations

Branches:
Dungeon (8/15)             Temple (1/1) D:5         Ossuary (visited)
   Lair: D:8-11

Altars:
Ashenzari
Cheibriados
Dithmenos
Elyvilon
Fedhas
Gozag
Hepliaklqana
Kikubaaqudgha
Makhleb
Nemelex Xobeh
Okawaru
Qazlal
Ru
Sif Muna
Uskayaw
Vehumet
Wu Jian
Xom
Yredelemnul
Zin
The Shining One

Annotations:
D:5 1 runed translucent door, happy's ghost, novice OpWn


Innate Abilities, Weirdness & Mutations

You can breathe blasts of noxious fumes.
Your lurid green scales are hard. (AC +7)
You cannot fit into any form of body armour.
Your system is resistant to poisons. (rPois)
You are cold-blooded and may be slowed by cold attacks.


Message History

* * * LOW HITPOINT WARNING * * *
The killer bee barely misses you. x2; You block the killer bee's attack.
The killer bee closely misses you.
The killer bee stings you but does no damage.
The killer bee misses you. The killer bee closely misses you.
The killer bee stings you.
* * * LOW HITPOINT WARNING * * *
You block the killer bee's attack. The killer bee closely misses you.
You block the killer bee's attack.
You hit the killer bee.
The killer bee is severely wounded.
* * * LOW HITPOINT WARNING * * *
You feel sick. The killer bee barely misses you.
You block the killer bee's attack. The killer bee barely misses you.
You block the killer bee's attack.
The killer bee stings you but does no damage.
The killer bee stings you.
* * * LOW HITPOINT WARNING * * *
The killer bee stings you.
You die...

#..###..## #..### ##....## ###
..## #...# #..# #.....###.. .##
##..# #..# ##.....#.... .# ##.##
#..# ##........... .#
#..#####..####............ .##
##.....#....##............. ..#
##......<....#..............
#.####..#####..yy................
#..##..####....y@................
##....###......y...).............
#...###.........................
##...##..........................
.....#...........................
...........).....................
######.............).............
.....#...........................
.....#...........................


You could see 4 killer bees.

Vanquished Creatures
  Prince Ribbit (D:6)
  A wraith (Ossuary)
  Eustachio (D:5)
  Menkaure (D:6)
  Edmund (D:6)
  A black bear (D:6)
  2 orc warriors
  2 sky beasts (D:7)
  An ice beast (D:5)
  2 phantoms
  5 ogres
  4 centaurs
  A big kobold (D:8)
  5 bullfrogs
  A water moccasin zombie (D:5)
  2 howler monkeys
  3 bullfrog zombies
  4 crimson imps (D:7)
  5 hounds
  A jelly (D:6)
  3 orc wizards
  A bullfrog skeleton (D:5)
  2 orc priests
  An iguana (D:7)
  A worker ant (D:6)
  3 mummies (Ossuary)
  2 worker ant zombies
  13 adders
  3 shadow imps
  An ooze (D:2)
  2 worms
  3 dart slugs
  7 leopard geckos
  10 orcs
  2 ball pythons
  6 bats
  6 giant cockroaches
  9 goblins
  13 hobgoblins
  15 jackals
  2 quokkas
  7 frilled lizards
  A giant cockroach zombie (D:5)
  4 goblin zombies (Ossuary)
  2 hobgoblin zombies (Ossuary)
  11 kobolds
  3 kobold zombies (Ossuary)
  A leopard gecko zombie (D:5)
  A quokka zombie (D:6)
  9 rats
  A rat zombie (D:7)
  A bush (D:5)
190 creatures vanquished.

Vanquished Creatures (others)
  A bullfrog zombie (D:6)
1 creature vanquished.

Grand Total: 191 creatures vanquished

Notes
Turn   | Place    | Note
-------+----------+-------------------------------------------
     0 | D:1      | Destapler the Draconian Berserker began the quest for the
                  | Orb.
     0 | D:1      | Reached XP level 1. HP: 19/19 MP: 1/1
    50 | D:1      | Reached XP level 2. HP: 19/26 MP: 2/2
   438 | D:1      | Reached XP level 3. HP: 33/33 MP: 3/3
   760 | D:2      | Reached skill level 4 in Fighting
   819 | D:2      | Reached ** piety under Trog
   839 | D:2      | Found a blossoming altar of Fedhas.
   937 | D:2      | Reached XP level 4. HP: 36/40 MP: 4/4
  1057 | D:2      | Found a shimmering altar of Xom.
  1078 | D:2      | Found a shimmering altar of Xom.
  1079 | D:2      | Found a shimmering altar of Xom.
  1079 | D:2      | Found a shimmering altar of Xom.
  1080 | D:2      | Found a shimmering altar of Xom.
  1080 | D:2      | Found a shimmering altar of Xom.
  1812 | D:3      | Reached skill level 1 in Short Blades
  1991 | D:3      | Reached *** piety under Trog
  2263 | D:3      | Found a stormy altar of Qazlal.
  2309 | D:3      | Reached XP level 5. HP: 47/47 MP: 5/5
  2685 | D:4      | Noticed a phantom
  2812 | D:3      | Killed a phantom
  2812 | D:3      | Reached skill level 1 in Stealth
  3014 | D:4      | Reached skill level 5 in Fighting
  3014 | D:4      | Reached XP level 6. HP: 52/56 MP: 6/6
  3444 | D:5      | Entered Level 5 of the Dungeon
  3687 | D:5      | Found an iron altar of Okawaru.
  3720 | D:5      | Reached skill level 6 in Fighting
  3720 | D:5      | Your scales start taking on a lurid green colour.
  3720 | D:5      | Reached XP level 7. HP: 54/63 MP: 7/7
  3720 | D:5      | Gained mutation: Your system is resistant to poisons.
                  | (rPois) [Green Draconian growth]
  3742 | D:5      | Reached **** piety under Trog
  3802 | D:5      | Noticed Eustachio
  3875 | D:5      | Found a runed translucent door.
  3875 | D:5      | Noticed happy's ghost (novice OpWn)
  4060 | D:5      | Killed Eustachio
  4060 | D:5      | Reached skill level 7 in Fighting
  4189 | D:5      | Found a staircase to the Ecumenical Temple.
  4240 | Temple   | Entered the Ecumenical Temple
  4327 | D:6      | Found a radiant altar of Vehumet.
  4410 | D:6      | Reached XP level 8. HP: 72/73 MP: 8/8
  4442 | D:6      | Reached skill level 5 in Stealth
  4465 | D:6      | Noticed Menkaure
  4471 | D:6      | Killed Menkaure
  4471 | D:6      | Reached skill level 8 in Fighting
  4975 | D:6      | Noticed Edmund
  4982 | D:6      | Killed Edmund
  5140 | D:6      | Reached skill level 9 in Fighting
  5310 | D:6      | Noticed Prince Ribbit
  5315 | D:6      | Killed Prince Ribbit
  5315 | D:6      | Reached XP level 9. HP: 80/83 MP: 9/9
  5512 | D:6      | Found a sacrificial altar of Ru.
  5513 | D:6      | Found a glowing silver altar of Zin.
  5812 | D:7      | Found a sand-covered staircase.
  5825 | Ossuary  | Entered an ossuary
  6330 | D:7      | Reached skill level 10 in Fighting
  6621 | D:7      | Reached ***** piety under Trog
  6938 | D:7      | Reached skill level 11 in Fighting
  7517 | D:7      | HP: 3/89 [killer bee (2)]
  7518 | D:7      | HP: 1/89 [killer bee (1)]
  7518 | D:7      | Slain by a killer bee

Levels and vault maps discovered:
D:1:      minmay_arrival_checkered_box, layout_rooms
D:2:      layout_basic, nicolae_overflow_hidden_temple, xom_redecorated,
          grunt_ministairs_10, due_unseen_surprise
D:3:      layout_loops_corners, grunt_qazlal_sundering, first_ration
D:4:      layout_cave_pools
D:5:      layout_rooms, minmay_temple_entry_overgrown,
          hellmonk_ghost_happy_afterlife, okawaru_metal_pillars_1_2,
          uniq_eustachio
D:6:      layout_basic, fiery_altar_vehumet, gammafunk_temple_overflow_pools,
          uniq_menkaure, uniq_prince_ribbit1, uniq_edmund
D:7:      minmay_the_grid_octo_tiled_squarecenter [minmay_the_grid_octo_clover,
          minmay_the_grid_octo_toaster, minmay_the_grid_octo_tetromino_candy,
          minmay_the_grid_octo_horde,
          minmay_the_grid_square_5x5_megaprize_hollow,
          minmay_the_grid_square_5x5_c, minmay_the_grid_square_5x5_inner_v,
          minmay_the_grid_square_5x5_pentomino_r,
          minmay_the_grid_square_5x5_half_checkered], layout_layer_cave,
          enter_ossuary_4
D:8:      layout_layer_cave, lemuel_crystal_altar, enter_bailey_3, uniq_grum
Temple:   eino_wide_crystal_templ

Skill      XL: |  1  2  3  4  5  6  7  8  9 |
---------------+----------------------------+-----
Dodging        | 3 4 |  4.3
Fighting       | 4 5 6 7 9 11 | 11.0
Short Blades   | 1 2 |  2.3
Stealth        | 1 2 4 7 9 |  9.0
Axes           | |  3.5
Throwing       | |  0.2
Shields        | |  0.2
Evocations     | |  0.1

Action                   |  1- 3 |  4- 6 |  7- 9 || total
-------------------------+-------+-------+-------++-------
Melee: Hand axe          |    44 |       |       ||    44
       Tailslap          |     9 |    30 |    42 ||    81
       Dagger            |    51 |   164 |    19 ||   234
       Long sword        |       |    26 |    94 ||   120
       Flail             |       |       |   170 ||   170
Throw: Stone             |       |    13 |     1 ||    14
Invok: Berserk           |     3 |     2 |     6 ||    11
       Trog's Hand       |       |       |     1 ||     1
 Abil: Breathe Noxious F |       |       |     6 ||     6
  Use: Scroll            |       |       |     8 ||     8
       Potion            |       |       |     1 ||     1
 Stab: Sleeping          |       |     3 |    11 ||    14
       Confused          |       |       |     2 ||     2
  Eat: Chunk             |     3 |    10 |    17 ||    30
       Ration            |       |       |     1 ||     1
Armor: Skin              |    20 |    42 |   122 ||   184
Dodge: Dodged            |    64 |   110 |   279 ||   453
Block: Buckler           |       |       |    12 ||    12
       Rpst.: Long sword |       |     5 |    20 ||    25
